 Dungeon Crawl Stone Soup version 0.28.0-49-g6dfe1f597d (webtiles) character file.

Game seed: 12815577036419561146

246 styxcanada the Covert (level 5, -14/26 HPs)
             Began as a Spriggan Brigand on May 11, 2022.
             Demolished by an orc warrior
             ... wielding a +0 flail
              (16 damage)
             ... on level 4 of the Dungeon.
             The game lasted 00:12:14 (4151 turns).

styxcanada the Covert (Spriggan Brigand)            Turns: 4151, Time: 00:12:15

Health: -14/26     AC:  3    Str:  7    XL:     5   Next: 84%
Magic:  6/6        EV: 18    Int: 19    God:
Gold:   137        SH:  0    Dex: 18    Spells: 4/4 levels left

rFire   . . .      SeeInvis +   a - +2 dagger
rCold   . . .      Faith    .   (no shield)
rNeg    . . .      Spirit   .   b - +0 robe
rPois   .          Reflect  .   (helmet restricted)
rElec   .          Harm     .   c - +0 cloak
rCorr   .          Rampage  .   (gloves unavailable)
Will    .....                   (boots unavailable)
Stlth   ++++......              (no amulet)
HPRegen 0.08/turn               p - +6 ring of intelligence
MPRegen 0.10/turn               (no ring)

@: very quick
A: very small, no large weapons, unfitting armour, see invisible, speed 3
a: no special abilities


You were on level 4 of the Dungeon.
You visited 1 branch of the dungeon, and saw 4 of its levels.

You collected 137 gold pieces.

Inventory:

Hand Weapons
 a - a +2 dagger (weapon)
 j - a +0 hunting sling
 l - a +4 quarterstaff of chaos
Missiles
 d - 3 poisoned darts (quivered)
 e - 2 curare-tipped darts
 f - 11 sling bullets
 g - 117 stones
Armour
 b - a +0 robe (worn)
 c - a +0 cloak (worn)
Jewellery
 n - a ring of ice
 p - a +6 ring of intelligence (left hand)
Scrolls
 i - 2 scrolls of amnesia {unknown}
 k - 3 scrolls of magic mapping {unknown}
 m - 3 scrolls of teleportation {unknown}
 s - a scroll of enchant armour {unknown}
 t - a scroll of fog {unknown}
 u - a scroll of vulnerability {unknown}
 v - a scroll of blinking {unknown}
Potions
 q - 2 potions of curing
 r - a potion of attraction {unknown}
 w - 3 potions of resistance {unknown}
 x - a potion of berserk rage {unknown}


   Skills:
 * Level 2.3 Fighting
 + Level 3.2 Short Blades
 + Level 2.9 Throwing
 * Level 3.1 Dodging
 * Level 8.5 Stealth


You had 4 spell levels left.
You didn't know any spells.
Your spell library contained the following spells:

 Spells                   Type           Power      Damage    Failure   Level
 Tukima's Dance           Hex            0%         N/A       52%         3
 Anguish                  Hex/Necr       0%         N/A       90%         4
 Enfeeble                 Hex            0%         N/A       100%        7


Dungeon Overview and Level Annotations

Branches:
Dungeon (4/15)
 Temple: D:4-7

Altars:
Hepliaklqana


Innate Abilities, Weirdness & Mutations

You are very small and have problems with some larger weapons.
You are too small for most types of armour.
You have supernaturally acute eyesight. (SInv)
You cover ground extremely quickly. (Speed+++)


Message History

d - 7 poisoned darts (gained 1) Throw: 7 darts (poison)
Press: ? - help, Q - select action, (/) - cycle Shift-Dir - straight line, f - orc priest
Aim: an orc priest, wielding a +0 club and wearing a +0 scale mail (wandering, hasn't noticed you, 66% to hit)
You throw a poisoned dart. The poisoned dart hits the orc priest!
The orc priest is poisoned.
The orc priest shouts!
Throw: 6 darts (poison)
Press: ? - help, Q - select action, (/) - cycle Shift-Dir - straight line, f/p - orc priest
Aim: an orc priest, wielding a +0 club and wearing a +0 scale mail (very poisoned, 66% to hit)
You throw a poisoned dart. The poisoned dart hits the orc priest.
The orc priest looks even sicker.
Throw: 5 darts (poison)
Press: ? - help, Q - select action, (/) - cycle Shift-Dir - straight line, f/p - orc priest
Aim: an orc priest, wielding a +0 club and wearing a +0 scale mail (lightly wounded, very poisoned, 66% to hit)
You throw a poisoned dart. The poisoned dart hits the orc priest.
The orc priest looks as sick as possible!
The orc priest is lightly wounded.
The orc priest begins to cast a cantrip, but forgets the words!
You start resting.
There are monsters nearby!
Throw: 4 darts (poison)
Press: ? - help, Q - select action, (/) - cycle Shift-Dir - straight line, f/p - orc priest
Aim: an orc priest, wielding a +0 club and wearing a +0 scale mail (severely wounded, very poisoned, 66% to hit)
You throw a poisoned dart. The poisoned dart hits the orc warrior.
The orc warrior is poisoned.
You kill the orc priest!
Your Dodging skill increases to level 3!
Items here: ! ) [ †.
The orc warrior hits you with a +0 flail!
Ouch! That really hurt!
* * * LOW HITPOINT WARNING * * *
You closely miss the orc warrior.
The orc warrior is lightly wounded.
The orc warrior barely misses you.
You hit the orc warrior but do no damage.
The orc warrior is lightly wounded.
The orc warrior hits you with a +0 flail!
Ouch! That really hurt!
You die...

##o.##.....#.###.....
###.###.##.....###....
##.#.# ##...###........
#....###...(###.##..#..
##..###....(#.#.#..#...
#...##.....(>.....#o..
###.##..#...o.oo...h..
##...#..##...o#...(....
#....)@o###...##.......
###.......###......##...
###.#........)..#....###..
#...............##...# ##.
##..........##..###### ##
#..........#####
##..#.....## #[..†.....#
##...##...#


You could see an orc warrior (poisoned).

Vanquished Creatures
  Crazy Yiuf (D:2)
  2 orc priests
  An iguana (D:3)
  An orc wizard (D:3)
  4 adders
  An adder skeleton (D:4)
  A dart slug (D:3)
  5 orcs
  2 endoplasms (D:2)
  7 giant cockroaches
  7 goblins
  3 hobgoblins
  4 jackals (D:1)
  5 kobolds
  12 ball pythons
  4 bats
  11 rats
71 creatures vanquished.

Vanquished Creatures (others)
  2 fungi (D:1)
2 creatures vanquished.

Grand Total: 73 creatures vanquished

Notes
Turn   | Place    | Note
-------+----------+-------------------------------------------
     0 | D:1      | styxcanada the Spriggan Brigand began the quest for the
                  | Orb.
     0 | D:1      | Reached XP level 1. HP: 10/10 MP: 2/2
     6 | D:1      | Reached skill level 6 in Stealth
    65 | D:1      | Found a faded altar of an unknown god.
   286 | D:1      | Reached XP level 2. HP: 9/14 MP: 3/3
  1024 | D:2      | Reached XP level 3. HP: 18/18 MP: 4/4
  1088 | D:2      | Found a runed translucent door.
  1089 | D:2      | Noticed Crazy Yiuf
  1137 | D:2      | Killed Crazy Yiuf
  1138 | D:2      | Reached skill level 7 in Stealth
  1316 | D:2      | Reached XP level 4. HP: 23/23 MP: 5/5
  2458 | D:3      | Reached XP level 5. HP: 22/26 MP: 6/6
  2949 | D:3      | Reached skill level 8 in Stealth
  3954 | D:4      | Found a hazy altar of Hepliaklqana.
  4033 | D:4      | Noticed an orc warrior
  4149 | D:4      | HP: 1/26 [orc warrior/+0 flail (13)]
  4151 | D:4      | Demolished by an orc warrior

Illustrated notes

Levels and vault maps discovered:
D:1:      dpeg_arrival_prison, layout_rooms,
          ebering_ecumenical_altar_sacrificial, chequers_avenue,
          kennysheep_crisscross
D:2:      layout_basic, chequers_arboretum, minmay_misc_feat_chi,
          uniq_crazy_yiuf_cottage
D:3:      layout_loops_corners, chequers_serial_rivers_micro_a,
          minmay_joined_circles
D:4:      kennysheep_goblin_castle, layout_cave_pools, lemuel_round_altar,
          minmay_temple_entry_glass, uniq_blork_the_orc

Skill      XL: |  1  2  3  4  5 |
---------------+----------------+-----
Stealth        | 6 7 8 |  8.5
Dodging        | 2 3 |  3.1
Fighting       | 2 |  2.3
Short Blades   | 3 |  3.2
Throwing       | |  2.9

Action                   |  1- 3 |  4- 6 || total
-------------------------+-------+-------++-------
Melee: Dagger            |    62 |   168 ||   230
Throw: Dart              |    24 |    31 ||    55
  Use: Scroll            |       |     3 ||     3
 Stab: Sleeping          |     6 |    13 ||    19
Armor: Robe              |     8 |    13 ||    21
Dodge: Dodged            |    45 |   117 ||   162
